 Dungeon Crawl Stone Soup version 0.28.0 (webtiles) character file.

Game seed: 696082670432513404

9674 SnakkuSnakku7 the Carver (level 11, -2/106 (129) HPs)
             Began as a Vampire Warper on Feb 15, 2022.
             Was an Elder of Wu Jian.
             Slain by a spectral orc knight (4 damage)
             ... summoned by Nergalle
             ... on level 1 of the Lair of Beasts.
             The game lasted 00:20:15 (10293 turns).

SnakkuSnakku7 the Carver (Vampire Warper)          Turns: 10293, Time: 00:20:20

HP:   -2/106 (129)  AC: 25    Str: 20    XL:     11   Next: 26%
MP:   14/14         EV:  2    Int: 16    God:    Wu Jian [****..]
Gold: 337           SH:  0    Dex: 14    Spells: 14/14 levels left

rFire   . . .      SeeInvis +   a - +3 scimitar (drain)
rCold   . . .      Faith    .   (no shield)
rNeg    . . .      Spirit   .   (armour currently unavailable)
rPois   +          Reflect  .   (helmet currently unavailable)
rElec   .          Harm     .   (cloak currently unavailable)
rCorr   +          Rampage  .   (gloves currently unavailable)
Will    +....      NoTele   +   (boots currently unavailable)
Stlth   +.........              x - amulet of regeneration
HPRegen 1.27/turn               i - +6 ring of strength
MPRegen 0.14/turn               G - ring of resist corrosion

@: tree-form, healing quickly, heavily drained
A: stationary, stasis, torment immunity, boosted hp, alive, (fangs 3), see
invisible, vampiric 2
a: Exsanguinate, Renounce Religion, Wall Jump, Serpent's Lash


You were on level 1 of the Lair of Beasts.
You worshipped Wu Jian.
Wu Jian was greatly pleased with you.
You were a tree.
You visited 2 branches of the dungeon, and saw 11 of its levels.
You also visited: Ossuary.

You collected 661 gold pieces.
You spent 324 gold pieces at shops.

Inventory:

Hand Weapons
 a - a +3 scimitar of draining (weapon)
 b - a +4 great sword of flaming
Missiles
 z - 18 poisoned darts (quivered)
 F - 7 boomerangs
 K - a throwing net
 L - 6 javelins
Armour
 j - a +0 pair of gloves (melded)
 t - a +0 cloak (melded)
 C - a +0 helmet (melded)
 P - a +2 plate armour of fire resistance (melded)
Jewellery
 d - a ring of positive energy
 i - a +6 ring of strength (left branch)
 x - an amulet of regeneration (around neck)
 G - a ring of resist corrosion (right branch)
Wands
 H - a wand of polymorph (5)
 O - a wand of flame (10)
Scrolls
 c - a scroll of blinking
 e - a scroll of silence
 f - 2 scrolls of amnesia
 m - 3 scrolls of enchant weapon
 o - 3 scrolls of vulnerability
 v - 2 scrolls of brand weapon
 y - 2 scrolls of immolation
 A - 2 scrolls of fog
 B - 8 scrolls of teleportation
 D - a scroll of magic mapping
 M - a scroll of summoning
Potions
 g - 2 potions of flight
 h - a potion of magic {unknown}
 k - 3 potions of brilliance
 l - 7 potions of curing
 p - 4 potions of cancellation {unknown}
 q - 4 potions of lignification
 r - a potion of ambrosia
 u - a potion of resistance
 w - 2 potions of invisibility
 E - 3 potions of mutation
 I - a potion of might
 J - 2 potions of haste
Miscellaneous
 N - a lightning rod (4/4)


   Skills:
 - Level 8.0 Fighting
 - Level 14.0 Long Blades
 - Level 2.6 Axes
 - Level 4.0 Throwing
 + Level 3.2 Armour
 - Level 2.1 Dodging
 - Level 2.0 Spellcasting
 - Level 2.4 Translocations


You had 14 spell levels left.
You didn't know any spells.
Your spell library contained the following spells:

 Spells                   Type           Power      Damage    Failure   Level
 Blink                    Tloc           18%        N/A       12%         2
 Animate Skeleton         Necr           2%         N/A       21%         1
 Pain                     Necr           4%         1d4       21%         1
 Gell's Gravitas          Tloc           9%         N/A       24%         3
 Lesser Beckoning         Tloc           9%         N/A       24%         3
 Teleport Other           Tloc           9%         N/A       24%         3
 Vampiric Draining        Necr           1%         2d6       52%         3
 Manifold Assault         Tloc           9%         N/A       91%         5


Dungeon Overview and Level Annotations

Branches:
Dungeon (10/15)            Temple (0/1) D:7            Lair (1/6) D:8
    Orc (0/2) D:10        Ossuary (visited)

Altars:
Cheibriados
Elyvilon
Fedhas
Makhleb
Nemelex Xobeh
Ru
Vehumet
Wu Jian
Zin

Shops:
D:7 !

Annotations:
D:8 2 transporters
Lair:1 Nergalle


Innate Abilities, Weirdness & Mutations

You are a tree.
Your roots penetrate the ground, keeping you stationary.
You cannot be teleported.
You are immune to unholy pain and torment.
Your maximum health is greatly increased.
Your equipment is partially melded.
Your natural rate of healing is accelerated.
((You have razor-sharp teeth.))
You have supernaturally acute eyesight. (SInv)
You are afflicted with vampirism and can become a bat while bloodless.


Message History

Nergalle hits you with a +0 dagger.
The spectral orc knight barely misses you.
You closely miss Nergalle.
Nergalle is almost dead.
The spectral orc knight hits you with a +0 war axe!
Nergalle hits you with a +0 dagger.
The spectral orc warrior hits you but does no damage.
You barely miss Nergalle. You bite Nergalle, but do no damage.
Nergalle is almost dead.
The spectral orc knight hits you with a +0 war axe!
You barely miss Nergalle. Your bite misses Nergalle.
Nergalle is almost dead.
Nergalle hits you but does no damage.
The spectral orc warrior hits you but does no damage.
The spectral orc knight hits you with a +0 war axe!
* * * LOW HITPOINT WARNING * * *
Unknown command.
Okay, then.
Really quaff the potion of lignification?
You turn into a tree.
Your +0 cloak melds into your body.
Your +0 helmet melds into your body.
Your +0 pair of gloves melds into your body.
Your +2 plate armour of fire resistance melds into your body.
You feel less resistant to fire.
Your roots penetrate the ground.
The spectral orc knight hits you with a +0 war axe.
* * * LOW HITPOINT WARNING * * *
You feel drained.
The spectral orc warrior hits you but does no damage.
Nergalle casts a spell at you. The bolt of negative energy hits you!
You feel drained.
* * * LOW HITPOINT WARNING * * *
The spectral orc knight hits you but does no damage.
You closely miss Nergalle.
Nergalle is almost dead.
The spectral orc warrior hits you but does no damage.
Nergalle casts a spell at you. The bolt of negative energy hits you!
You feel drained.
* * * LOW HITPOINT WARNING * * *
The spectral orc knight hits you with a +0 war axe.
You die...

#....#
#.####
###.#
##.#...####
#.........#
#########.#
#.# #†# #♣#
..?...oZZ#
##.##....#
#≈≈≈≈.....
.≈≈≈≈≈...P#
≈≈≈≈≈#...##
##.###...#
.........#


You could see Nergalle (drained), a spectral orc warrior (summoned) and a
spectral orc knight (summoned, fast).

Vanquished Creatures
  Harold (D:7)
  Pikel (D:4)
  Psyche (D:8)
  2 komodo dragons (Lair:1)
  Grinder (D:6)
  Sigmund (D:2)
  A shadow (D:10)
  11 yaks
  A wraith (D:10)
  2 basilisks (Lair:1)
  Grum (D:8)
  A water moccasin (D:7)
  7 orc warriors
  A hornet zombie (D:8)
  An ice beast (D:7)
  2 necrophages
  3 ogres
  3 sky beasts
  6 centaurs
  8 wolves
  A lemure (D:4)
  An elf zombie (D:8)
  3 bullfrogs
  2 kobold brigands
  2 elf skeletons (D:8)
  3 scorpions
  3 killer bees (D:7)
  4 wights (D:6)
  2 howler monkeys
  3 centaur zombies (Ossuary)
  4 human zombies
  7 hounds
  4 orc priests
  Ijyb (D:3)
  3 iguanas
  Natasha (thrice) (D:3)
  13 orc wizards
  A human skeleton (D:8)
  A killer bee zombie (D:8)
  2 mummies (Ossuary)
  A howler monkey zombie (D:9)
  4 gnolls (D:4)
  8 adders
  A river rat (Lair:1)
  2 shadow imps
  An ufetubus (D:5)
  3 worms
  A dart slug (D:1)
  55 orcs
  9 ball pythons
  9 bats
  7 endoplasms
  A giant cockroach (D:1)
  5 goblins
  9 hobgoblins
  2 jackals (D:1)
  12 kobolds
  5 quokkas
  A frilled lizard (D:1)
  A goblin zombie (Ossuary)
  4 hobgoblin zombies (Ossuary)
  A jackal zombie (Ossuary)
  13 kobold zombies (Ossuary)
  An orc skeleton (D:8)
  7 orc zombies (Ossuary)
  A rat (D:2)
  4 rat zombies (Ossuary)
286 creatures vanquished.

Vanquished Creatures (others)
  An orc (D:8)
1 creature vanquished.

Grand Total: 287 creatures vanquished

Notes
Turn   | Place    | Note
-------+----------+-------------------------------------------
     0 | D:1      | SnakkuSnakku7 the Vampire Warper began the quest for the
                  | Orb.
     0 | D:1      | Reached XP level 1. HP: 16/16 MP: 3/3
   259 | D:1      | Reached XP level 2. HP: 18/22 MP: 5/5
  1063 | D:2      | Gained mutation: You are afflicted with vampirism and can
                  | become a bat while bloodless. [Vampire growth]
  1063 | D:2      | Reached XP level 3. HP: 28/28 MP: 6/6
  1312 | D:2      | Noticed Sigmund
  1368 | D:1      | Reached skill level 1 in Long Blades
  1580 | D:2      | Reached skill level 2 in Long Blades
  1851 | D:2      | Reached XP level 4. HP: 34/34 MP: 7/7
  2063 | D:3      | Noticed Ijyb
  2134 | D:3      | Killed Ijyb
  2258 | D:3      | Noticed Natasha
  2268 | D:3      | Killed Natasha
  2269 | D:3      | Reached skill level 3 in Long Blades
  2374 | D:3      | Reached XP level 5. HP: 39/39 MP: 8/8
  2443 | D:3      | Reached skill level 4 in Long Blades
  2509 | D:3      | Noticed Natasha
  2515 | D:3      | Killed Natasha
  2719 | D:3      | Noticed Natasha
  2726 | D:3      | Killed Natasha
  3046 | D:4      | Found an ornate altar of the Wu Jian Council.
  3046 | D:4      | Found a radiant altar of Vehumet.
  3047 | D:4      | Found a blossoming altar of Fedhas.
  3051 | D:4      | Found a burning altar of Makhleb.
  3054 | D:4      | Became a worshipper of the Wu Jian Council
  3089 | D:4      | Reached skill level 5 in Long Blades
  3089 | D:4      | Reached XP level 6. HP: 37/46 MP: 9/9
  3663 | D:4      | Reached skill level 6 in Long Blades
  3663 | D:4      | Reached skill level 1 in Throwing
  3950 | D:4      | Noticed Pikel
  3974 | D:4      | Killed Pikel
  3975 | D:4      | Reached skill level 7 in Long Blades
  3975 | D:4      | Reached XP level 7. HP: 51/51 MP: 10/10
  4300 | D:2      | Killed Sigmund
  4301 | D:2      | Reached XP level 8. HP: 46/57 MP: 11/11
  4403 | D:5      | Entered Level 5 of the Dungeon
  4476 | D:5      | Identified the +1 scale mail "Quizoaz" {+Inv rF+ Will+
                  | Int-4}
  4620 | D:5      | Found a sacrificial altar of Ru.
  4620 | D:5      | Found a sparkling altar of Nemelex Xobeh.
  4748 | D:5      | Reached skill level 8 in Long Blades
  4911 | D:5      | Noticed Dowan
  4915 | D:5      | Noticed Duvessa
  5005 | D:5      | Noticed Duvessa
  5005 | D:5      | Duvessa changed into Duvessa the centaur
  5038 | D:5      | Killed Duvessa the centaur
  5039 | D:5      | Noticed Dowan
  5039 | D:5      | Dowan changed into Dowan the hound
  5046 | D:5      | Killed Dowan the hound
  5047 | D:5      | Reached skill level 9 in Long Blades
  5264 | D:5      | Reached * piety under Wu Jian
  5595 | D:6      | Reached skill level 10 in Long Blades
  5658 | D:6      | Reached XP level 9. HP: 62/62 MP: 12/12
  5680 | D:6      | Identified the +3 whip of Kismet {antimagic, Will+ rCorr}
  5921 | D:6      | Reached skill level 11 in Long Blades
  5984 | D:6      | Noticed Grinder
  5989 | D:6      | Paralysed by Grinder for 7 turns
  6009 | D:6      | Killed Grinder
  6286 | D:7      | Reached ** piety under Wu Jian
  6319 | D:7      | Reached skill level 12 in Long Blades
  6511 | D:7      | Found Zepnyleo's Distillery.
  6518 | D:7      | Bought a potion of heal wounds for 60 gold pieces
  6518 | D:7      | Bought a potion of haste for 120 gold pieces
  6518 | D:7      | Bought a potion of lignification for 36 gold pieces
  6518 | D:7      | Bought a potion of lignification for 36 gold pieces
  6518 | D:7      | Bought 2 potions of curing for 72 gold pieces
  6542 | D:7      | Found a staircase to the Ecumenical Temple.
  6559 | D:7      | Noticed Harold
  6597 | D:7      | Killed Harold
  6598 | D:7      | Reached skill level 13 in Long Blades
  6603 | D:7      | Reached XP level 10. HP: 54/68 MP: 13/13
  6974 | D:8      | Noticed a seven-headed hydra
  7017 | D:8      | Found a transporter.
  7086 | D:8      | Noticed Psyche
  7099 | D:8      | Killed Psyche
  7175 | D:8      | Reached skill level 14 in Long Blades
  7242 | D:8      | Found a sand-covered staircase.
  7253 | Ossuary  | Entered an ossuary
  7300 | Ossuary  | Reached *** piety under Wu Jian
  7879 | D:8      | Found a staircase to the Lair.
  7965 | D:8      | Reached skill level 5 in Fighting
  8122 | D:8      | Found a transporter.
  8308 | D:9      | Reached **** piety under Wu Jian
  8339 | D:9      | Noticed Grum
  8477 | D:8      | Killed Grum
  8951 | D:9      | Found a snail-covered altar of Cheibriados.
  9103 | D:10     | Entered Level 10 of the Dungeon
  9169 | D:9      | Reached XP level 11. HP: 36/84 MP: 14/14
  9649 | D:10     | Found a staircase to the Orcish Mines.
  9795 | Lair:1   | Entered Level 1 of the Lair of Beasts
  9808 | Lair:1   | Noticed Nergalle
  9965 | Lair:1   | Reached skill level 1 in Armour
 10293 | Lair:1   | HP: 2/106 [Nergalle/bolt of negative energy (11)]
 10293 | Lair:1   | Slain by a spectral orc knight

Illustrated notes

Levels and vault maps discovered:
D:1:      tarquinn_simple_flora_water_d, layout_loops_ring
D:2:      layout_basic, minmay_misc_feat_hallway, serial_bayou_ford_a,
          minmay_stone_trees_medium, grunt_ministairs_15, uniq_sigmund
D:3:      layout_loops_ring, uniq_natasha, uniq_ijyb
D:4:      layout_loops_corners, minitemple, uniq_pikel
D:5:      layout_basic, amethyst_overflow_temple_binary, lemuel_crystal_altar,
          uniq_duvessa
D:6:      layout_cave_pools, uniq_grinder
D:7:      layout_cave_pools, nicolae_elyvilon_peaceful_grove,
          minmay_temple_entry_proselytizer, serial_shops, shop_fountains,
          uniq_harold
D:8:      gammafunk_cloud_chamber, layout_basic, lair_entry_dummy,
          nicolae_ossuary_entry_catacombs, onia_ninara_dug_in_and_dangerous,
          uniq_psyche
D:9:      layout_gridville, mainiacjoe_overflow_brackets, uniq_grum
D:10:     layout_cave_pools, hiddenorc1_lemuel
Lair:1:   layout_gridlike, minmay_hedge_maze, serial_bayou_shore_a,
          uniq_gastronok, uniq_nergalle

Skill      XL: |  1  2  3  4  5  6  7  8  9 10 11 |
---------------+----------------------------------+-----
Fighting       | 2 7 8 |  8.0
Axes           | 2 |  2.6
Long Blades    | 2 3 5 7 10 13 14 | 14.0
Throwing       | 3 4 |  4.0
Armour         | 3 |  3.2
Dodging        | |  2.1
Spellcasting   | |  2.0
Translocations | |  2.4

Action                   |  1- 3 |  4- 6 |  7- 9 | 10-12 || total
-------------------------+-------+-------+-------+-------++-------
Melee: Hand axe          |    93 |       |       |       ||    93
       Bite              |    11 |    17 |    26 |    58 ||   112
       Punch             |     2 |     3 |     3 |    13 ||    21
       Long sword        |    45 |   193 |   170 |       ||   408
       Scimitar          |       |       |    90 |   433 ||   523
Throw: Dart              |       |     4 |    35 |    10 ||    49
       Boomerang         |       |       |     7 |       ||     7
Invok: Lunge             |       |     7 |    11 |    32 ||    50
       Whirlwind         |       |       |     1 |     9 ||    10
Evoke: Wand              |       |     3 |     5 |     1 ||     9
  Use: Scroll            |     2 |     3 |     7 |    11 ||    23
       Potion            |       |       |     1 |     1 ||     2
Armor: Ring mail         |    27 |       |       |       ||    27
       Leather armour    |     1 |       |       |       ||     1
       Scale mail        |    54 |    27 |       |       ||    81
       Plate armour      |       |    46 |   206 |   243 ||   495
       Skin              |       |       |       |     3 ||     3
Dodge: Dodged            |   103 |    84 |    77 |   109 ||   373
